2431 views
Uploaded 2022-02-03 17:50:19
Game version 1.32.10
26:55 long 4on4 ladder game on (8)NorthernFelwood
Saved by xzz
2431 views
Uploaded 2022-02-03 17:50:19
Game version 1.32.10
26:55 long 4on4 ladder game on (8)NorthernFelwood


160 units @ 23.5k
/ 3.3k
99 buildings @ 13.6k
/ 6.1k



| Healing Salve | 4 | 400 |
| Lesser Clarity Potion | 4 | 280 |
| Potion of Mana | 1 | 200 |
| Potion of Healing | 1 | 150 |
| Orb of Lightning | 1 | 375 |
| Dust of Appearance | 1 | 75 |
| Scroll of Town Portal | 3 | 1050 |
| Scroll of Healing | 1 | 250 |
| Potion of Lesser Invulnerability | 1 | 150 |
| Rod of Necromancy | 1 | 150 |
| Ritual Dagger | 1 | 125 |
| Staff of Sanctuary | 1 | 250 |
| Medallion of Courage | 2 | 1000 |
| Cloak of Flames | 1 | 500 |
| Khadgar's Pipe of Insight | 1 | 500 |
| Runed Bracers | 1 | 400 |
| Claws of Attack +6 | 1 | 125 |
| Potion of Greater Mana | 1 | 400 |
| Slippers of Agility +3 | 1 | 100 |
| total: | 28 | 6480g |
| Peon | 14 | 1050 | / | 0 |
| Grunt | 3 | 600 | / | 0 |
| Troll Headhunter | 6 | 840 | / | 120 |
| Shaman | 4 | 520 | / | 80 |
| Troll Witch Doctor | 9 | 1305 | / | 225 |
| Troll Berserker | 5 | 700 | / | 100 |
| Kodo Beast | 1 | 255 | / | 60 |
| total: | 42 | 5270g | / | 585w |
| Watch Tower | 4 | 440 | / | 320 |
| Altar of Storms | 1 | 180 | / | 50 |
| Orc Burrow | 12 | 1920 | / | 480 |
| Barracks | 1 | 180 | / | 50 |
| War Mill | 1 | 205 | / | 0 |
| Voodoo Lounge | 2 | 260 | / | 60 |
| Great Hall | 1 | 385 | / | 185 |
| Spirit Lodge | 2 | 300 | / | 300 |
| Beastiary | 1 | 145 | / | 140 |
| Stronghold | 1 | 315 | / | 190 |
| Fortress | 1 | 325 | / | 190 |
| total: | 25 | 4015g | / | 1585w |
| 0:02 | Peon |
| 0:03 | Peon |
| 0:03 | Peon |
| 0:06 | Altar of Storms |
| 0:14 | Orc Burrow |
| 0:34 | Barracks |
| 0:44 | Peon |
| 0:55 | Peon |
| 1:15 | War Mill |
| 1:35 | Grunt |
| 1:35 | Grunt |
| 1:51 | Orc Burrow |
| 1:57 | Peon |
| 2:06 | War Stomp |
| 2:10 | Voodoo Lounge |
| 2:26 | Troll Headhunter |
| 2:39 | Troll Headhunter |
| 2:45 | Peon |
| 3:11 | Troll Headhunter |
| 3:30 | Stronghold |
| 3:34 | Healing Salve |
| 3:34 | Healing Salve |
| 3:34 | Healing Salve |
| 3:34 | Healing Salve |
| 3:53 | Troll Headhunter |
| 4:09 | Grunt |
| 4:17 | Endurance Aura |
| 4:46 | Great Hall |
| 5:26 | War Stomp |
| 5:30 | Watch Tower |
| 5:30 | Watch Tower |
| 5:45 | Rod of Necromancy |
| 5:45 | Dust of Appearance |
| 5:49 | Ritual Dagger |
| 6:10 | Orc Burrow |
| 6:12 | Reinforced Defenses |
| 6:12 | Troll Regeneration |
| 6:34 | Orc Burrow |
| 7:17 | Orc Burrow |
| 7:19 | Peon |
| 7:19 | Peon |
| 7:21 | Orc Burrow |
| 7:24 | Orc Burrow |
| 7:28 | Orc Burrow |
| 7:33 | Watch Tower |
| 7:41 | Peon |
| 7:41 | Peon |
| 8:29 | Endurance Aura |
| 8:31 | Endurance Aura |
| 8:31 | Endurance Aura |
| 8:35 | Watch Tower |
| 8:38 | Peon |
| 8:38 | Peon |
| 8:44 | Lesser Clarity Potion |
| 8:46 | Scroll of Town Portal |
| 8:46 | Potion of Mana |
| 8:58 | Fortress |
| 9:09 | Troll Headhunter |
| 9:12 | Voodoo Lounge |
| 9:22 | Lesser Clarity Potion |
| 9:32 | Hex |
| 9:47 | Spirit Lodge |
| 9:50 | Troll Headhunter |
| 10:12 | Medallion of Courage |
| 10:20 | Cloak of Flames |
| 10:47 | Khadgar's Pipe of Insight |
| 10:57 | Spirit Lodge |
| 11:00 | Shaman |
| 11:01 | Shaman Adept Training |
| 11:51 | Potion of Healing |
| 11:56 | Staff of Sanctuary |
| 12:06 | Berserker Upgrade |
| 12:18 | Witch Doctor Adept Training |
| 12:38 | Runed Bracers |
| 12:42 | Orb of Lightning |
| 12:48 | Shaman Master Training |
| 12:56 | Peon |
| 13:39 | Claws of Attack +6 |
| 13:39 | Potion of Greater Mana |
| 13:40 | Slippers of Agility +3 |
| 13:42 | Medallion of Courage |
| 13:48 | Healing Wave |
| 13:53 | Wind Walk |
| 13:58 | Witch Doctor Master Training |
| 14:27 | Shaman |
| 14:28 | Shaman |
| 14:28 | Troll Witch Doctor |
| 14:28 | Troll Witch Doctor |
| 14:29 | Troll Berserker |
| 14:29 | Orc Burrow |
| 14:41 | Orc Burrow |
| 14:43 | Steel Ranged Weapons |
| 15:06 | Troll Berserker |
| 15:06 | Troll Berserker |
| 15:42 | Troll Witch Doctor |
| 15:45 | Scroll of Town Portal |
| 15:57 | Troll Berserker |
| 15:59 | Thorium Ranged Weapons |
| 16:16 | War Stomp |
| 16:18 | Potion of Lesser Invulnerability |
| 16:28 | Scroll of Healing |
| 16:41 | Shaman |
| 16:42 | Troll Witch Doctor |
| 16:42 | Troll Witch Doctor |
| 16:43 | Troll Witch Doctor |
| 16:43 | Troll Witch Doctor |
| 16:43 | Troll Witch Doctor |
| 17:06 | Critical Strike |
| 17:12 | Troll Witch Doctor |
| 17:14 | Troll Berserker |
| 17:26 | Arcanite Ranged Weapons |
| 17:59 | Healing Wave |
| 18:10 | Lesser Clarity Potion |
| 18:12 | Scroll of Town Portal |
| 18:14 | Lesser Clarity Potion |
| 18:20 | Steel Armor |
| 19:06 | Beastiary |
| 19:33 | Critical Strike |
| 19:39 | Hex |
| 20:35 | Kodo Beast |
| 20:35 | War Drums Damage Increase |
| 20:38 | Orc Burrow |
| 20:39 | Orc Burrow |
| 20:40 | Thorium Armor |
| 20:48 | Wind Walk |
| 21:15 | Reincarnation |
| 22:39 | Healing Wave |
| 23:07 | Critical Strike |
| Right click | 1516 |
| Select group | 971 |
| Select | 529 |
| Misc. action | 292 |
| Build/train/purchase | 184 |
| Use ability | 85 |
| Chat | 53 |
| Assign group | 40 |
| Item give/drop | 9 |
| Resource trade | 5 |
| Esc | 3 |
| Minimap ping | 1 |

| Healing Salve | 10 | 1000 |
| Lesser Clarity Potion | 6 | 420 |
| Scroll of Speed | 3 | 150 |
| Potion of Healing | 1 | 150 |
| Orb of Lightning | 1 | 375 |
| Tiny Great Hall | 1 | 600 |
| Scroll of Town Portal | 3 | 1050 |
| total: | 25 | 3745g |
| Peon | 10 | 750 | / | 0 |
| Grunt | 1 | 200 | / | 0 |
| Troll Headhunter | 6 | 840 | / | 120 |
| Wind Rider | 4 | 1060 | / | 160 |
| Shaman | 5 | 650 | / | 100 |
| Troll Berserker | 5 | 700 | / | 100 |
| Dark Troll Shadow Priest | 1 | 195 | / | 10 |
| total: | 32 | 4395g | / | 490w |
| Watch Tower | 9 | 990 | / | 720 |
| Orc Burrow | 6 | 960 | / | 240 |
| Altar of Storms | 1 | 180 | / | 50 |
| Barracks | 1 | 180 | / | 50 |
| War Mill | 1 | 205 | / | 0 |
| Voodoo Lounge | 1 | 130 | / | 30 |
| Beastiary | 2 | 290 | / | 280 |
| Spirit Lodge | 1 | 150 | / | 150 |
| Stronghold | 1 | 315 | / | 190 |
| Fortress | 1 | 325 | / | 190 |
| total: | 22 | 3085g | / | 1520w |
| 0:08 | Peon |
| 0:08 | Peon |
| 0:10 | Orc Burrow |
| 0:13 | Altar of Storms |
| 0:41 | Barracks |
| 1:00 | Peon |
| 1:30 | War Mill |
| 1:37 | Orc Burrow |
| 1:56 | Grunt |
| 2:04 | Peon |
| 2:33 | Voodoo Lounge |
| 2:38 | Serpent Ward |
| 2:45 | Troll Headhunter |
| 2:55 | Peon |
| 3:25 | Troll Headhunter |
| 3:44 | Troll Headhunter |
| 3:58 | Dark Troll Shadow Priest |
| 4:02 | Peon |
| 4:03 | Peon |
| 4:07 | Hex |
| 4:21 | Healing Salve |
| 4:32 | Lesser Clarity Potion |
| 4:36 | Stronghold |
| 4:42 | Troll Headhunter |
| 4:56 | Orc Burrow |
| 5:15 | Steel Armor |
| 6:07 | Serpent Ward |
| 6:18 | Troll Headhunter |
| 6:20 | Steel Ranged Weapons |
| 6:40 | Troll Headhunter |
| 6:42 | Healing Salve |
| 6:42 | Healing Salve |
| 7:11 | Beastiary |
| 7:14 | Beastiary |
| 7:20 | Spirit Lodge |
| 7:22 | Peon |
| 7:23 | Peon |
| 9:00 | Hex |
| 9:24 | Wind Rider |
| 10:10 | Fortress |
| 10:13 | Orc Burrow |
| 10:18 | Shaman Adept Training |
| 10:18 | Shaman |
| 10:19 | Healing Salve |
| 10:20 | Lesser Clarity Potion |
| 10:20 | Scroll of Speed |
| 10:28 | Lesser Clarity Potion |
| 10:30 | Scroll of Town Portal |
| 11:02 | Healing Salve |
| 11:08 | Wind Rider |
| 11:15 | Lesser Clarity Potion |
| 11:17 | Potion of Healing |
| 12:31 | Orc Burrow |
| 12:34 | Shaman Master Training |
| 12:34 | Shaman |
| 12:34 | Shaman |
| 12:35 | Shaman |
| 12:37 | Envenomed Spears |
| 12:39 | Berserker Upgrade |
| 14:20 | Serpent Ward |
| 14:39 | Thorium Armor |
| 14:46 | Healing Salve |
| 14:48 | Scroll of Town Portal |
| 14:49 | Scroll of Speed |
| 14:58 | Healing Salve |
| 15:07 | Orb of Lightning |
| 15:27 | Troll Berserker |
| 15:29 | Troll Berserker |
| 16:24 | Troll Berserker |
| 16:24 | Troll Berserker |
| 17:30 | Wind Rider |
| 17:33 | Orc Burrow |
| 17:53 | Shaman |
| 17:59 | Healing Salve |
| 18:05 | Lesser Clarity Potion |
| 18:06 | Healing Salve |
| 18:14 | Scroll of Speed |
| 19:15 | Wind Rider |
| 19:17 | Troll Berserker |
| 19:57 | Scroll of Town Portal |
| 21:07 | Big Bad Voodoo |
| 21:33 | Hex |
| 21:58 | Healing Salve |
| 21:59 | Tiny Great Hall |
| 22:05 | Lesser Clarity Potion |
| 23:09 | Watch Tower |
| 25:01 | Watch Tower |
| 25:37 | Peon |
| 26:13 | Watch Tower |
| 26:13 | Watch Tower |
| 26:13 | Watch Tower |
| 26:14 | Watch Tower |
| 26:14 | Watch Tower |
| 26:15 | Watch Tower |
| 26:16 | Watch Tower |
| Right click | 954 |
| Select | 327 |
| Chat | 237 |
| Select group | 229 |
| Use ability | 113 |
| Build/train/purchase | 87 |
| Assign group | 49 |
| Misc. action | 13 |
| Minimap ping | 5 |

| Rod of Necromancy | 2 | 300 |
| Sacrificial Skull | 1 | 50 |
| Potion of Mana | 1 | 200 |
| Orb of Corruption | 1 | 375 |
| Scroll of Town Portal | 2 | 700 |
| Potion of Lesser Invulnerability | 1 | 150 |
| Boots of Speed | 1 | 250 |
| total: | 9 | 2025g |
| Acolyte | 15 | 1125 | / | 0 |
| Ghoul | 5 | 600 | / | 0 |
| Crypt Fiend | 5 | 1075 | / | 200 |
| Obsidian Statue | 3 | 600 | / | 105 |
| Frost Wyrm | 9 | 3465 | / | 1080 |
| Goblin Shredder | 2 | 750 | / | 200 |
| total: | 39 | 7615g | / | 1585w |
| Spirit Tower | 4 | 580 | / | 160 |
| Nerubian Tower | 3 | 300 | / | 60 |
| Crypt | 1 | 200 | / | 50 |
| Altar of Darkness | 1 | 180 | / | 50 |
| Ziggurat | 13 | 1950 | / | 650 |
| Graveyard | 1 | 215 | / | 0 |
| Tomb of Relics | 1 | 130 | / | 30 |
| Necropolis | 1 | 225 | / | 0 |
| Slaughterhouse | 1 | 140 | / | 135 |
| Sacrificial Pit | 1 | 75 | / | 150 |
| Boneyard | 3 | 525 | / | 600 |
| Halls of the Dead | 1 | 320 | / | 210 |
| Black Citadel | 1 | 325 | / | 230 |
| total: | 23 | 3640g | / | 1665w |
| 0:05 | Acolyte |
| 0:05 | Acolyte |
| 0:25 | Crypt |
| 0:29 | Altar of Darkness |
| 0:37 | Ziggurat |
| 1:00 | Graveyard |
| 1:26 | Tomb of Relics |
| 1:30 | Ziggurat |
| 1:47 | Ghoul |
| 1:50 | Acolyte |
| 2:00 | Ghoul |
| 2:13 | Ghoul |
| 2:36 | Ghoul |
| 2:53 | Death Coil |
| 2:57 | Rod of Necromancy |
| 2:57 | Sacrificial Skull |
| 3:22 | Crypt Fiend |
| 3:42 | Halls of the Dead |
| 5:03 | Necropolis |
| 5:05 | Ziggurat |
| 5:11 | Unholy Aura |
| 5:19 | Crypt Fiend |
| 5:54 | Crypt Fiend |
| 6:09 | Goblin Shredder |
| 6:36 | Black Citadel |
| 6:41 | Acolyte |
| 6:42 | Acolyte |
| 6:42 | Acolyte |
| 6:43 | Acolyte |
| 7:31 | Creature Attack |
| 7:31 | Creature Carapace |
| 7:33 | Crypt Fiend |
| 7:34 | Web |
| 7:41 | Slaughterhouse |
| 7:45 | Sacrificial Pit |
| 7:51 | Acolyte |
| 8:01 | Potion of Mana |
| 8:07 | Rod of Necromancy |
| 8:56 | Unholy Aura |
| 9:02 | Boneyard |
| 9:04 | Potion of Lesser Invulnerability |
| 9:05 | Boots of Speed |
| 9:11 | Crypt Fiend |
| 9:11 | Ghoul Frenzy |
| 9:16 | Boneyard |
| 9:19 | Boneyard |
| 9:30 | Spirit Tower |
| 9:52 | Nerubian Tower |
| 10:14 | Obsidian Statue |
| 10:17 | Frost Wyrm |
| 10:33 | Frost Wyrm |
| 10:38 | Acolyte |
| 10:38 | Acolyte |
| 10:58 | Ziggurat |
| 11:02 | Acolyte |
| 11:14 | Ziggurat |
| 11:27 | Goblin Shredder |
| 11:45 | Improved Creature Attack |
| 11:46 | Improved Creature Carapace |
| 12:04 | Spirit Tower |
| 12:06 | Spirit Tower |
| 12:11 | Obsidian Statue |
| 12:14 | Frost Wyrm |
| 12:34 | Frost Wyrm |
| 12:36 | Frost Wyrm |
| 13:11 | Freezing Breath |
| 13:36 | Advanced Creature Attack |
| 13:41 | Ghoul |
| 14:01 | Ziggurat |
| 14:04 | Ziggurat |
| 14:15 | Death Coil |
| 15:08 | Nerubian Tower |
| 15:15 | Acolyte |
| 15:15 | Acolyte |
| 15:30 | Ziggurat |
| 15:38 | Ziggurat |
| 15:40 | Ziggurat |
| 15:43 | Acolyte |
| 15:54 | Scroll of Town Portal |
| 15:54 | Orb of Corruption |
| 16:00 | Advanced Creature Carapace |
| 16:44 | Frost Wyrm |
| 16:56 | Unholy Aura |
| 17:19 | Frost Wyrm |
| 17:26 | Nerubian Tower |
| 18:12 | Scroll of Town Portal |
| 18:28 | Spirit Tower |
| 18:47 | Obsidian Statue |
| 19:27 | Death Coil |
| 19:43 | Frost Wyrm |
| 20:24 | Animate Dead |
| 21:22 | Frost Wyrm |
| 21:28 | Acolyte |
| 22:29 | Death Pact |
| 22:40 | Ziggurat |
| 22:44 | Ziggurat |
| 22:45 | Ziggurat |
| Assign group | 723 |
| Right click | 581 |
| Chat | 310 |
| Select group | 260 |
| Select | 239 |
| Build/train/purchase | 90 |
| Use ability | 15 |
| Minimap ping | 12 |
| Resource trade | 5 |
| Misc. action | 2 |
| Remove unit | 2 |
| Item give/drop | 1 |



| Scroll of Regeneration | 1 | 100 |
| Scroll of Town Portal | 1 | 350 |
| total: | 2 | 450g |
| Peasant | 17 | 1275 | / | 0 |
| Footman | 11 | 1485 | / | 0 |
| Sorceress | 3 | 465 | / | 60 |
| Priest | 8 | 1080 | / | 80 |
| Knight | 8 | 1960 | / | 480 |
| total: | 47 | 6265g | / | 620w |
| Scout Tower | 9 | 270 | / | 180 |
| Guard Tower | 8 | 560 | / | 400 |
| Barracks | 2 | 320 | / | 120 |
| Farm | 9 | 720 | / | 180 |
| Altar of Kings | 1 | 180 | / | 50 |
| Lumber Mill | 1 | 120 | / | 0 |
| Arcane Vault | 1 | 130 | / | 30 |
| Blacksmith | 2 | 280 | / | 120 |
| Town Hall | 1 | 385 | / | 205 |
| Arcane Sanctum | 2 | 300 | / | 280 |
| Gryphon Aviary | 1 | 140 | / | 150 |
| Keep | 1 | 320 | / | 210 |
| Castle | 1 | 360 | / | 210 |
| total: | 29 | 2845g | / | 1315w |
| 0:08 | Barracks |
| 0:10 | Farm |
| 0:14 | Altar of Kings |
| 0:15 | Peasant |
| 0:15 | Peasant |
| 0:27 | Peasant |
| 0:39 | Peasant |
| 0:52 | Farm |
| 1:06 | Peasant |
| 1:15 | Footman |
| 1:15 | Footman |
| 1:24 | Peasant |
| 1:35 | Footman |
| 1:48 | Farm |
| 1:57 | Footman |
| 2:09 | Peasant |
| 2:21 | Footman |
| 2:27 | Holy Light |
| 2:45 | Footman |
| 2:46 | Peasant |
| 2:47 | Peasant |
| 3:12 | Lumber Mill |
| 3:31 | Arcane Vault |
| 3:34 | Footman |
| 4:02 | Keep |
| 4:04 | Footman |
| 4:23 | Scout Tower |
| 4:30 | Scout Tower |
| 4:48 | Farm |
| 4:53 | Guard Tower |
| 4:57 | Blacksmith |
| 5:21 | Scout Tower |
| 5:23 | Guard Tower |
| 5:29 | Scout Tower |
| 5:49 | Scout Tower |
| 5:51 | Footman |
| 5:52 | Footman |
| 5:59 | Guard Tower |
| 6:07 | Farm |
| 6:24 | Divine Shield |
| 6:33 | Guard Tower |
| 6:37 | Peasant |
| 6:37 | Peasant |
| 6:43 | Farm |
| 7:08 | Arcane Sanctum |
| 7:19 | Peasant |
| 7:19 | Peasant |
| 7:33 | Scout Tower |
| 7:37 | Footman |
| 7:39 | Peasant |
| 7:39 | Peasant |
| 7:52 | Scroll of Regeneration |
| 8:16 | Guard Tower |
| 8:21 | Castle |
| 8:23 | Sorceress |
| 8:48 | Scout Tower |
| 8:53 | Town Hall |
| 9:38 | Holy Light |
| 9:48 | Sorceress |
| 9:48 | Sorceress |
| 10:21 | Guard Tower |
| 10:24 | Scout Tower |
| 10:29 | Scout Tower |
| 10:48 | Priest |
| 10:55 | Farm |
| 10:59 | Farm |
| 11:04 | Farm |
| 11:16 | Scroll of Town Portal |
| 11:20 | Guard Tower |
| 11:27 | Guard Tower |
| 12:14 | Storm Bolt |
| 12:22 | Knight |
| 12:22 | Knight |
| 12:37 | Barracks |
| 12:42 | Priest Adept Training |
| 12:45 | Iron Forged Swords |
| 12:49 | Blacksmith |
| 13:03 | Improved Lumber Harvesting |
| 13:13 | Peasant |
| 13:13 | Peasant |
| 14:57 | Devotion Aura |
| 15:20 | Knight |
| 15:55 | Knight |
| 15:59 | Priest |
| 15:59 | Priest |
| 16:36 | Summon Lava Spawn |
| 17:50 | Priest Master Training |
| 17:53 | Knight |
| 17:57 | Steel Forged Swords |
| 17:58 | Iron Plating |
| 18:46 | Knight |
| 19:52 | Priest |
| 19:52 | Priest |
| 20:44 | Bash |
| 20:53 | Storm Bolt |
| 21:09 | Holy Light |
| 21:31 | Knight |
| 21:33 | Knight |
| 21:36 | Priest |
| 21:36 | Priest |
| 21:37 | Priest |
| 21:45 | Arcane Sanctum |
| 21:58 | Gryphon Aviary |
| 22:03 | Steel Plating |
| 22:04 | Mithril Forged Swords |
| 22:11 | Animal War Training |
| Right click | 524 |
| Select | 208 |
| Build/train/purchase | 91 |
| Assign group | 53 |
| Select group | 39 |
| Use ability | 20 |
| Chat | 12 |
| Misc. action | 11 |
| Minimap ping | 5 |
| Item give/drop | 2 |
146 units @ 23.8k
/ 3.7k
93 buildings @ 13.1k
/ 5.5k


| Rod of Necromancy | 3 | 450 |
| Scroll of Town Portal | 3 | 1050 |
| Scroll of Healing | 2 | 500 |
| Wand of Illusion | 1 | 150 |
| total: | 9 | 2150g |
| Acolyte | 8 | 600 | / | 0 |
| Ghoul | 2 | 240 | / | 0 |
| Crypt Fiend | 15 | 3225 | / | 600 |
| Frost Wyrm | 1 | 385 | / | 120 |
| total: | 26 | 4450g | / | 720w |
| Nerubian Tower | 4 | 400 | / | 80 |
| Spirit Tower | 5 | 725 | / | 200 |
| Graveyard | 1 | 215 | / | 0 |
| Crypt | 1 | 200 | / | 50 |
| Ziggurat | 13 | 1950 | / | 650 |
| Altar of Darkness | 1 | 180 | / | 50 |
| Tomb of Relics | 2 | 260 | / | 60 |
| Sacrificial Pit | 1 | 75 | / | 150 |
| Boneyard | 2 | 350 | / | 400 |
| Halls of the Dead | 1 | 320 | / | 210 |
| Black Citadel | 1 | 325 | / | 230 |
| total: | 21 | 3230g | / | 1360w |
| 0:04 | Acolyte |
| 0:05 | Acolyte |
| 0:08 | Graveyard |
| 0:17 | Crypt |
| 0:39 | Ziggurat |
| 0:57 | Altar of Darkness |
| 1:15 | Ziggurat |
| 1:26 | Ghoul |
| 1:38 | Ghoul |
| 1:54 | Tomb of Relics |
| 2:14 | Crypt Fiend |
| 2:24 | Nerubian Tower |
| 2:55 | Crypt Fiend |
| 3:10 | Ziggurat |
| 3:16 | Rod of Necromancy |
| 3:21 | Death Coil |
| 3:38 | Crypt Fiend |
| 3:52 | Creature Attack |
| 4:14 | Unholy Aura |
| 4:20 | Crypt Fiend |
| 4:33 | Acolyte |
| 4:37 | Creature Carapace |
| 5:02 | Crypt Fiend |
| 5:07 | Ziggurat |
| 5:20 | Rod of Necromancy |
| 6:13 | Wand of Illusion |
| 6:24 | Death Coil |
| 6:30 | Crypt Fiend |
| 6:33 | Acolyte |
| 6:33 | Acolyte |
| 6:48 | Acolyte |
| 6:49 | Nerubian Tower |
| 7:06 | Crypt Fiend |
| 7:38 | Crypt Fiend |
| 8:02 | Rod of Necromancy |
| 8:35 | Ziggurat |
| 8:37 | Ziggurat |
| 8:39 | Ziggurat |
| 8:41 | Ziggurat |
| 8:45 | Acolyte |
| 8:46 | Crypt Fiend |
| 8:47 | Spirit Tower |
| 8:49 | Spirit Tower |
| 9:08 | Halls of the Dead |
| 9:09 | Crypt Fiend |
| 9:35 | Spirit Tower |
| 9:36 | Nerubian Tower |
| 9:38 | Spirit Tower |
| 9:39 | Nerubian Tower |
| 10:25 | Unholy Aura |
| 10:51 | Ziggurat |
| 10:54 | Crypt Fiend |
| 11:44 | Scroll of Town Portal |
| 12:19 | Web |
| 12:20 | Black Citadel |
| 13:03 | Crypt Fiend |
| 13:09 | Death Coil |
| 13:32 | Sacrificial Pit |
| 13:36 | Crypt Fiend |
| 14:10 | Scroll of Healing |
| 14:13 | Scroll of Healing |
| 14:24 | Spirit Tower |
| 14:55 | Vampiric Aura |
| 15:04 | Boneyard |
| 15:11 | Boneyard |
| 15:29 | Scroll of Town Portal |
| 15:39 | Crypt Fiend |
| 16:17 | Crypt Fiend |
| 16:28 | Frost Wyrm |
| 17:03 | Acolyte |
| 18:09 | Ziggurat |
| 18:14 | Ziggurat |
| 18:17 | Ziggurat |
| 18:21 | Tomb of Relics |
| 18:31 | Ziggurat |
| 19:01 | Scroll of Town Portal |
| Right click | 586 |
| Select | 226 |
| Build/train/purchase | 67 |
| Use ability | 32 |
| Item give/drop | 3 |
| Minimap ping | 1 |


| Lesser Clarity Potion | 5 | 350 |
| Scroll of Regeneration | 1 | 100 |
| Staff of Sanctuary | 1 | 250 |
| Potion of Healing | 1 | 150 |
| Boots of Speed | 1 | 250 |
| total: | 9 | 1100g |
| Peasant | 8 | 600 | / | 0 |
| Rifleman | 12 | 2460 | / | 360 |
| Gryphon Rider | 18 | 5040 | / | 1260 |
| total: | 38 | 8100g | / | 1620w |
| Scout Tower | 5 | 150 | / | 100 |
| Arcane Tower | 1 | 70 | / | 50 |
| Guard Tower | 1 | 70 | / | 50 |
| Altar of Kings | 1 | 180 | / | 50 |
| Blacksmith | 1 | 140 | / | 60 |
| Farm | 16 | 1280 | / | 320 |
| Barracks | 1 | 160 | / | 60 |
| Arcane Vault | 2 | 260 | / | 60 |
| Lumber Mill | 1 | 120 | / | 0 |
| Workshop | 4 | 560 | / | 560 |
| Gryphon Aviary | 2 | 280 | / | 300 |
| Keep | 1 | 320 | / | 210 |
| Castle | 1 | 360 | / | 210 |
| total: | 33 | 3130g | / | 1510w |
| 0:02 | Peasant |
| 0:02 | Peasant |
| 0:14 | Altar of Kings |
| 0:20 | Blacksmith |
| 0:26 | Peasant |
| 0:35 | Farm |
| 0:47 | Peasant |
| 0:53 | Peasant |
| 1:10 | Peasant |
| 1:37 | Barracks |
| 1:42 | Peasant |
| 1:42 | Peasant |
| 1:51 | Farm |
| 1:52 | Farm |
| 1:58 | Scout Tower |
| 2:01 | Scout Tower |
| 2:12 | Farm |
| 2:14 | Farm |
| 2:21 | Storm Bolt |
| 2:41 | Rifleman |
| 2:41 | Rifleman |
| 2:50 | Rifleman |
| 2:55 | Arcane Tower |
| 3:05 | Arcane Vault |
| 3:26 | Rifleman |
| 3:57 | Farm |
| 4:00 | Farm |
| 4:13 | Rifleman |
| 4:24 | Keep |
| 4:50 | Farm |
| 4:51 | Farm |
| 4:54 | Farm |
| 4:55 | Farm |
| 4:55 | Farm |
| 4:59 | Lesser Clarity Potion |
| 5:09 | Lumber Mill |
| 5:24 | Rifleman |
| 6:08 | Rifleman |
| 6:10 | Black Gunpowder |
| 6:40 | Farm |
| 6:48 | Improved Lumber Harvesting |
| 7:09 | Bash |
| 7:18 | Boots of Speed |
| 7:21 | Long Rifles |
| 7:33 | Scout Tower |
| 7:38 | Scout Tower |
| 7:42 | Scout Tower |
| 8:10 | Castle |
| 8:14 | Guard Tower |
| 8:18 | Holy Light |
| 8:36 | Rifleman |
| 8:53 | Workshop |
| 8:56 | Workshop |
| 8:56 | Workshop |
| 8:57 | Workshop |
| 8:59 | Scroll of Regeneration |
| 9:00 | Lesser Clarity Potion |
| 9:25 | Rifleman |
| 10:35 | Gryphon Aviary |
| 10:46 | Rifleman |
| 10:50 | Staff of Sanctuary |
| 11:12 | Rifleman |
| 11:28 | Gryphon Rider |
| 11:50 | Gryphon Rider |
| 12:35 | Rifleman |
| 12:46 | Farm |
| 12:48 | Farm |
| 12:52 | Farm |
| 13:10 | Gryphon Rider |
| 13:28 | Gryphon Rider |
| 13:53 | Animal War Training |
| 14:22 | Potion of Healing |
| 14:24 | Lesser Clarity Potion |
| 14:32 | Gryphon Rider |
| 14:58 | Storm Bolt |
| 15:15 | Arcane Vault |
| 15:18 | Gryphon Rider |
| 15:57 | Gryphon Rider |
| 16:06 | Divine Shield |
| 16:18 | Studded Leather Armor |
| 16:21 | Iron Forged Swords |
| 16:22 | Reinforced Leather Armor |
| 16:43 | Gryphon Aviary |
| 16:48 | Gryphon Rider |
| 17:24 | Gryphon Rider |
| 17:45 | Gryphon Rider |
| 17:48 | Steel Forged Swords |
| 18:09 | Gryphon Rider |
| 18:12 | Storm Hammers |
| 18:25 | Bash |
| 18:26 | Mithril Forged Swords |
| 19:16 | Lesser Clarity Potion |
| 19:27 | Gryphon Rider |
| 20:10 | Gryphon Rider |
| 20:23 | Lesser Clarity Potion |
| 20:56 | Holy Light |
| 20:59 | Gryphon Rider |
| 21:23 | Gryphon Rider |
| 21:39 | Barrage |
| 21:53 | Gryphon Rider |
| 21:53 | Gryphon Rider |
| 23:12 | Gryphon Rider |
| Right click | 1148 |
| Select group | 750 |
| Select | 678 |
| Misc. action | 202 |
| Build/train/purchase | 94 |
| Assign group | 93 |
| Use ability | 72 |
| Resource trade | 6 |
| Esc | 3 |
| Item give/drop | 2 |
| Remove unit | 2 |


| Rod of Necromancy | 2 | 300 |
| Sacrificial Skull | 1 | 50 |
| Potion of Healing | 2 | 300 |
| Potion of Mana | 1 | 200 |
| Scroll of Town Portal | 3 | 1050 |
| Scroll of Healing | 1 | 250 |
| Scroll of Regeneration | 1 | 100 |
| total: | 11 | 2250g |
| Acolyte | 7 | 525 | / | 0 |
| Ghoul | 22 | 2640 | / | 0 |
| Crypt Fiend | 5 | 1075 | / | 200 |
| Obsidian Statue | 3 | 600 | / | 105 |
| total: | 37 | 4840g | / | 305w |
| Nerubian Tower | 2 | 200 | / | 40 |
| Spirit Tower | 4 | 580 | / | 160 |
| Ziggurat | 11 | 1650 | / | 550 |
| Altar of Darkness | 1 | 180 | / | 50 |
| Crypt | 4 | 800 | / | 200 |
| Tomb of Relics | 1 | 130 | / | 30 |
| Graveyard | 1 | 215 | / | 0 |
| Slaughterhouse | 1 | 140 | / | 135 |
| Halls of the Dead | 1 | 320 | / | 210 |
| Black Citadel | 1 | 325 | / | 230 |
| total: | 19 | 3115g | / | 965w |
| 0:04 | Acolyte |
| 0:04 | Acolyte |
| 0:06 | Ziggurat |
| 0:08 | Altar of Darkness |
| 0:38 | Crypt |
| 0:54 | Tomb of Relics |
| 1:01 | Nerubian Tower |
| 1:34 | Ziggurat |
| 1:40 | Ghoul |
| 1:40 | Ghoul |
| 2:03 | Ghoul |
| 2:13 | Rod of Necromancy |
| 2:24 | Ghoul |
| 2:35 | Sleep |
| 2:42 | Ghoul |
| 2:49 | Ziggurat |
| 4:15 | Halls of the Dead |
| 4:18 | Graveyard |
| 4:22 | Ziggurat |
| 4:25 | Nerubian Tower |
| 4:27 | Ghoul |
| 5:07 | Ghoul |
| 5:07 | Ghoul |
| 5:36 | Ghoul |
| 5:47 | Unholy Strength |
| 5:47 | Unholy Armor |
| 5:51 | Ziggurat |
| 6:15 | Vampiric Aura |
| 6:38 | Black Citadel |
| 7:14 | Sleep |
| 7:46 | Improved Unholy Strength |
| 7:50 | Slaughterhouse |
| 8:19 | Rod of Necromancy |
| 8:22 | Sacrificial Skull |
| 8:40 | Web |
| 8:41 | Crypt Fiend |
| 8:44 | Crypt |
| 10:27 | Acolyte |
| 10:27 | Acolyte |
| 10:27 | Acolyte |
| 10:27 | Acolyte |
| 10:27 | Acolyte |
| 10:46 | Ghoul Frenzy |
| 10:48 | Obsidian Statue |
| 10:49 | Ghoul |
| 10:49 | Ghoul |
| 10:52 | Improved Unholy Armor |
| 10:56 | Crypt Fiend |
| 11:22 | Ziggurat |
| 11:24 | Ziggurat |
| 11:33 | Ziggurat |
| 11:48 | Unholy Aura |
| 11:54 | Ziggurat |
| 12:11 | Scroll of Town Portal |
| 12:21 | Spirit Tower |
| 13:30 | Crypt Fiend |
| 13:33 | Advanced Unholy Armor |
| 13:36 | Spirit Tower |
| 13:37 | Spirit Tower |
| 13:40 | Ziggurat |
| 13:42 | Ziggurat |
| 14:20 | Death Coil |
| 14:28 | Vampiric Aura |
| 15:14 | Spirit Tower |
| 15:25 | Ghoul |
| 15:27 | Ghoul |
| 15:28 | Advanced Unholy Strength |
| 15:58 | Crypt Fiend |
| 16:02 | Crypt |
| 16:07 | Death Coil |
| 16:26 | Scroll of Town Portal |
| 18:13 | Ghoul |
| 18:13 | Ghoul |
| 18:13 | Ghoul |
| 18:13 | Ghoul |
| 18:17 | Crypt |
| 18:30 | Obsidian Statue |
| 18:30 | Obsidian Statue |
| 19:21 | Ghoul |
| 19:26 | Scroll of Healing |
| 19:26 | Scroll of Town Portal |
| 19:29 | Potion of Healing |
| 20:03 | Crypt Fiend |
| 21:39 | Sleep |
| 22:00 | Ghoul |
| 22:00 | Ghoul |
| 22:00 | Ghoul |
| 22:00 | Ghoul |
| 22:05 | Scroll of Regeneration |
| 22:08 | Potion of Healing |
| 22:14 | Potion of Mana |
| Right click | 826 |
| Select | 331 |
| Build/train/purchase | 86 |
| Use ability | 35 |
| Minimap ping | 15 |
| Chat | 4 |
| Item give/drop | 2 |



| Scroll of Town Portal | 1 | 350 |
| Scroll of Protection | 1 | 150 |
| Boots of Speed | 1 | 250 |
| total: | 3 | 750g |
| Peon | 22 | 1650 | / | 0 |
| Troll Headhunter | 10 | 1400 | / | 200 |
| Demolisher | 2 | 440 | / | 100 |
| Tauren | 9 | 2520 | / | 720 |
| Troll Witch Doctor | 1 | 145 | / | 25 |
| Dark Troll Berserker | 1 | 255 | / | 30 |
| total: | 45 | 6410g | / | 1075w |
| War Mill | 1 | 205 | / | 0 |
| Orc Burrow | 8 | 1280 | / | 320 |
| Barracks | 2 | 360 | / | 100 |
| Altar of Storms | 1 | 180 | / | 50 |
| Voodoo Lounge | 1 | 130 | / | 30 |
| Great Hall | 2 | 770 | / | 370 |
| Tauren Totem | 3 | 405 | / | 465 |
| Spirit Lodge | 2 | 300 | / | 300 |
| Stronghold | 3 | 945 | / | 570 |
| Fortress | 1 | 325 | / | 190 |
| Spirit Tower | 1 | 145 | / | 40 |
| total: | 20 | 3630g | / | 1635w |
| 0:06 | Peon |
| 0:06 | Peon |
| 0:06 | Peon |
| 0:07 | Peon |
| 0:25 | War Mill |
| 0:39 | Orc Burrow |
| 0:55 | Peon |
| 1:02 | Barracks |
| 1:15 | Peon |
| 1:26 | Altar of Storms |
| 1:30 | Peon |
| 1:50 | Peon |
| 1:55 | Orc Burrow |
| 1:58 | Peon |
| 2:09 | Troll Headhunter |
| 2:22 | Peon |
| 2:36 | Barracks |
| 2:42 | Peon |
| 2:58 | Troll Headhunter |
| 3:22 | Voodoo Lounge |
| 3:25 | Troll Headhunter |
| 3:40 | Orc Burrow |
| 3:56 | Troll Headhunter |
| 3:58 | War Stomp |
| 4:04 | Peon |
| 4:40 | Great Hall |
| 5:01 | Troll Headhunter |
| 5:16 | Troll Headhunter |
| 5:36 | Stronghold |
| 5:53 | Endurance Aura |
| 6:12 | Great Hall |
| 6:28 | Troll Headhunter |
| 6:39 | Troll Headhunter |
| 6:51 | Troll Headhunter |
| 6:51 | Troll Headhunter |
| 7:20 | Endurance Aura |
| 7:34 | Dark Troll Berserker |
| 7:53 | Peon |
| 7:53 | Peon |
| 7:53 | Peon |
| 7:53 | Peon |
| 8:32 | Peon |
| 8:32 | Peon |
| 8:44 | Peon |
| 8:44 | Peon |
| 8:44 | Peon |
| 8:44 | Peon |
| 8:48 | Fortress |
| 9:20 | Demolisher |
| 9:52 | Tauren Totem |
| 9:56 | Tauren Totem |
| 10:00 | Tauren Totem |
| 10:02 | Steel Armor |
| 10:06 | Spirit Lodge |
| 10:10 | Spirit Lodge |
| 10:32 | Demolisher |
| 11:36 | Hex |
| 11:41 | Tauren |
| 11:43 | Orc Burrow |
| 11:45 | Orc Burrow |
| 11:48 | Orc Burrow |
| 12:22 | Orc Burrow |
| 12:23 | Tauren |
| 12:37 | Burning Oil |
| 12:48 | Troll Witch Doctor |
| 12:59 | Tauren |
| 13:34 | War Stomp |
| 14:37 | Tauren |
| 14:39 | Pulverize |
| 14:40 | Tauren |
| 14:40 | Tauren |
| 15:22 | Tauren |
| 16:10 | Tauren |
| 16:13 | Orc Burrow |
| 16:30 | Scroll of Town Portal |
| 16:32 | Scroll of Protection |
| 16:34 | Boots of Speed |
| 18:43 | Tauren |
| 18:57 | Frost Arrows |
| 19:53 | Spirit Tower |
| Right click | 374 |
| Select | 234 |
| Select group | 130 |
| Build/train/purchase | 112 |
| Chat | 71 |
| Minimap ping | 34 |
| Assign group | 17 |
| Use ability | 13 |
| Misc. action | 6 |
| Esc | 1 |
⇛